Cogmind - Beta 12 @@@ ROGUE MODE // 2023.04.03 @ 00:13:40 Player: Cracklepappy Result: Destroyed by S-43 Plague with Heavy Machine Gun Performance ------------- Evolutions (9) 4500 Regions Visited (30) 6000 Robots Destroyed (448) 2240 Value Destroyed (19220) 19220 Prototype IDs (76) 1520 Alien Tech Used (3) 600 Bonus (19120) 19120 TOTAL SCORE: 53200 Bonus ------- High Alert Combat Kills 4759 Follower Combat Kills 3117 Entered Garrisons 600 Used RIF Installer 2000 Entered DSFs 500 Network Hubs Disabled 400 Built Enhanced Grunts 300 A7 Reached Mainframe 300 Met R17 at Cetus 500 Found Hidden Lab 3000 Met MAIN.C 5000 Friendly Fire -1356 Cogmind --------- Core Integrity 0/1600 Matter 224/300 Energy 100/100 System Corruption 17% Temperature Cool (0) Movement Core (50) Location -1/Command Parts ------- > --- POWER (2) -------- (None) > --- PROPULSION (7) --- (None) > --- UTILITY (12) ----- Experimental Optical Array Experimental Core Analyzer Experimental System Shield > --- WEAPON (4) ------- (None) > --- INVENTORY (5) ---- Relay Coupler [Proto] (9) Relay Coupler [Proto] (9) Peak State ------------ > --- POWER ------------ Antimatter-Graviton Reactor > --- PROPULSION ------- Hovering Antigrav Exoskeleton > --- UTILITY ---------- Armored Scrap Engine Experimental Heat Sink Cargo Storage Unit Experimental Optical Array Advanced Terrain Scan Processor Improved Transmission Jammer Medium Regenerative Plating Medium Regenerative Plating > --- WEAPON ----------- Potential Cannon Hvy. Thermic Nova Construct/C > --- INVENTORY -------- Potential Leg Potential Leg Advanced Coolant Injector Humpback Experimental Energy Well High-capacity Matter Pod Improved Signal Interpreter Improved Terrain Scanner Experimental Targeting Computer Improved Phase Shifter Improved Remote Force Field Experimental Hacking Suite Experimental System Shield Quantum Router Relay Coupler [NC] Relay Coupler [NC] Relay Coupler [Proto] Relay Coupler [Proto] Relay Coupler [Proto] Relay Coupler [Proto] Transdimensional Reconstructor Core Regenerator Core Reset Matrix Gamma Bomb Array Fusion Bomb Launcher Fusion Bomb Launcher Guided Remote Datajack Force Lance [Rating: 171] Favorites ----------- Power Constructs Engine Improved Ion Engine Power Core Light Nuclear Core Reactor Constructs Propulsion Light Treads Treads Light Treads Leg Aluminum Leg Wheel Compact Wheel Hover Unit Constructs Flight Unit Impulse Thruster Array Utility Humpback Device Armored Scrap Engine Storage Humpback Processor Experimental Optical Array Hackware Hacking Suite Protection Improved Medium Armor Plating Weapon Constructs Energy Gun Beam Rifle Energy Cannon Constructs Ballistic Gun Precision Assault Rifle Ballistic Cannon Flak Cannon Launcher Fusion Bomb Launcher Special Weapon Remote Datajack Impact Weapon Impact Mace Slashing Weapon Great Axe Piercing Weapon Force Lance Special Melee Weapon Advanced Datajack Build | -11 -10 -10 -9 -9 -9 -8 -8 -8 -8 -8 -7 -7 -7 -7 -7 -5 -5 -5 -5 -5 -5 -4 -4 -3 -3 -3 -2 -2 -1 -1 ------- Run | Jun Mat Min Mat Min Exi Min Mat Gar Mat Gar Fac Was Fac Sto Rec Fac Ext Cet Arc Hub Gar Fac DSF Res Arm Lab Res Tes Acc Com Slots Evolved 18 | . . . 2 . . . 2 . . . 2 . . . . 4 . . . . . 2 . 2 . . 2 . 2 . Power 1 | . . . . . . . . . . . . . . . . 1 . . . . . . . . . . . . . . Propulsion 5 | . . . 1 . . . 1 . . . 2 . . . . 1 . . . . . . . . . . . . . . Utility 10 | . . . 1 . . . 1 . . . . . . . . 1 . . . . . 2 . 1 . . 2 . 2 . Weapon 2 | . . . . . . . . . . . . . . . . 1 . . . . . . . 1 . . . . . . Parts Attached 555 | 7 16 10 42 3 2 4 13 34 12 28 24 19 1 46 34 16 26 12 7 8 38 6 7 14 42 23 32 6 12 11 Power 43 | 1 2 1 2 . . . 1 3 1 1 1 2 . 2 1 3 3 . . . 9 2 . . 3 4 . . 1 . Engine 14 | 1 2 1 2 . . . 1 3 1 . 1 . . . 1 . . . . . 1 . . . . . . . . . Core 11 | . . . . . . . . . . 1 . . . 1 . 1 3 . . . 4 . . . 1 . . . . . Reactor 18 | . . . . . . . . . . . . 2 . 1 . 2 . . . . 4 2 . . 2 4 . . 1 . Propulsion 96 | 2 3 3 11 2 1 . 8 14 6 8 11 3 . 2 7 1 3 . . 1 1 1 . 1 1 . . 3 3 . Treads 60 | 1 3 1 9 2 1 . 8 4 6 8 6 3 . 1 3 1 2 . . . . . . . 1 . . . . . Leg 20 | . . 2 1 . . . . 10 . . 5 . . . . . 1 . . . 1 . . . . . . . . . Wheel 5 | 1 . . . . . . . . . . . . . . 4 . . . . . . . . . . . . . . . Hover 2 | . . . . . . . . . . . . . . 1 . . . . . . . . . . . . . . 1 . Flight 9 | . . . 1 . . . . . . . . . . . . . . . . 1 . 1 . 1 . . . 3 2 . Utility 185 | 2 3 1 8 1 1 . 3 11 2 7 7 6 1 9 3 3 12 6 2 3 13 2 6 5 17 12 23 2 6 8 Device 76 | 1 1 1 3 . . . . . . 3 2 2 . . 1 . 6 4 . 1 6 1 2 4 15 6 10 1 2 4 Storage 17 | 1 2 . 1 . 1 . . 2 . 1 . 1 . . 1 . 2 . 1 . 1 . . . . 1 1 . 1 . Processor 14 | . . . 1 1 . . . 1 1 . 2 . . . . 1 . . . . 2 1 . . . 1 1 1 . 1 Hackware 21 | . . . . . . . . 1 . 1 1 1 1 4 1 . . . . . . . 1 . 1 . 3 . 3 3 Protection 57 | . . . 3 . . . 3 7 1 2 2 2 . 5 . 2 4 2 1 2 4 . 3 1 1 4 8 . . . Artifact . | . . . . . . . . . . . . . . . . . . . . . . . . . . . . . . . Weapon 231 | 2 8 5 21 . . 4 1 6 3 12 5 8 . 33 23 9 8 6 5 4 15 1 1 8 21 7 9 1 2 3 Energy Gun 42 | . 4 3 4 . . . . . 1 . . 1 . 4 . . 1 . 1 . 9 . . . 6 2 5 . 1 . Energy Cannon 21 | . . . 5 . . . . . . . . . . . 2 2 2 1 . . . . . . 5 1 1 1 1 . Ballistic Gun 67 | 2 1 . 9 . . 3 1 6 2 2 3 4 . 18 13 . 1 . . . . . 1 . . . 1 . . . Ballistic Cannon 14 | . . . 2 . . . . . . 6 1 . . 1 . 1 . 1 . 1 . . . 1 . . . . . . Launcher 25 | . 1 1 1 . . 1 . . . 1 . 1 . 1 . . . 1 . 1 4 . . 2 8 . 2 . . . Special Weapon 19 | . . . . . . . . . . . . 2 . 5 . 2 1 . . . 2 . . 2 1 3 . . . 1 Impact Weapon 38 | . 2 1 . . . . . . . 3 1 . . 4 8 4 3 3 3 2 . 1 . 3 . . . . . . Slashing Weapon 2 | . . . . . . . . . . . . . . . . . . . . . . . . . . . . . . 2 Piercing Weapon 2 | . . . . . . . . . . . . . . . . . . . . . . . . . 1 1 . . . . Special Melee Weapon 1 | . . . . . . . . . . . . . . . . . . . 1 . . . . . . . . . . . Unidentified Prototypes 43 | . . . 4 . . . . . 2 . . 1 . 10 . . . 3 1 1 4 . . . . 11 4 2 . . Corrupted Parts 1 | . . . . . . . . . . . . . . . . . . . . . . . . . . 1 . . . . System Corruption 1 | . . . . . . . . . . . . . . . . . . . . . . . . . . 1 . . . . Parts Lost 103 | . . 5 4 . . 2 8 15 2 4 7 . . . . . 4 1 . 1 2 . . 1 14 3 9 4 . 17 Power 13 | . . 1 1 . . . 1 2 . . 1 . . . . . 1 . . 1 . . . . 4 . . . . 1 Propulsion 29 | . . 2 1 . . . 4 7 2 2 4 . . . . . . . . . 1 . . . 1 . . 1 . 4 Utility 38 | . . 1 1 . . . 2 2 . 1 2 . . . . . 3 1 . . 1 . . . 3 3 6 2 . 10 Weapon 23 | . . 1 1 . . 2 1 4 . 1 . . . . . . . . . . . . . 1 6 . 3 1 . 2 Highest Loss Streak 17 | . . 3 1 . . 2 3 5 1 1 6 . . . . . 2 1 . 1 1 . . 1 4 2 6 3 . 17 To Critical Strikes 2 | . . . . . . . . . . . . . . . . . . . . . 1 . . . . . 1 . . . Average Slot Usage (%) 68 | . 99 98 99 100 94 88 89 85 89 89 86 73 69 68 54 52 48 46 46 47 44 48 42 46 47 48 53 37 49 61 Engine 4 | . 14 13 11 11 11 11 8 7 9 5 3 1 . . . . . . . . . . . . . . . . . . Core 1 | . . . . . . . . . . 3 3 . . . . . 5 5 . 3 5 . . . . . . . . . Reactor 2 | . . . . . . . . . . . . 5 7 7 5 10 1 . 4 1 2 6 5 4 5 7 5 3 3 2 Treads 14 | . 25 1 28 33 33 33 35 12 35 35 24 19 23 22 10 6 5 1 1 . 1 5 5 1 3 2 . . . . Leg 3 | . . 26 4 . . . . 21 . . 15 8 . . . . . 3 3 4 1 . . 1 . 2 1 . . . Wheel 1 | . 2 . . . . . . . . . . . . . 6 . . . . . . . . . . . . . . . Device 6 | . 13 13 11 6 . . . . . 4 3 1 3 . 5 5 8 11 11 11 10 10 8 12 12 7 12 4 3 4 Storage 7 | . 14 14 11 11 11 11 9 9 9 9 7 7 7 7 7 5 5 5 5 5 5 5 5 4 4 4 3 . . . Processor 2 | . . . 5 4 11 11 5 5 9 1 4 . . . . . . . . . . 9 10 9 9 9 8 11 12 11 Hackware 1 | . . . . . . . . 3 . 2 . 4 3 5 . 5 1 . . . . . . . . . . 8 12 22 Protection 4 | . . . 5 11 6 . 12 9 9 9 5 6 7 8 3 5 4 4 4 4 4 . 1 1 . 3 7 . . . Energy Gun 3 | . 26 27 2 . . . . . . . . . . . . . . . . . . . . . 1 . 1 . 1 . Energy Cannon 1 | . . . 8 . . . . . . . . . . . . . . . 4 5 2 . . . 3 3 4 1 2 2 Ballistic Gun 7 | . 1 . 10 22 22 22 17 16 17 2 10 10 15 13 10 . . . . . . . . . . . . . . . Ballistic Cannon 1 | . . . . . . . . . . 14 3 . . . . 5 4 4 . . 2 5 4 3 1 . . . . . Naked Turns . | . . . . . . . . . . . . . . . . . . . . . . . . . . . . . . . Heaviest Build 241 | 11 94 94 100 96 214 214 219 219 221 228 222 235 230 239 239 130 146 122 119 129 188 189 211 203 210 217 241 51 34 49 Greatest Support 217 | 20 40 40 60 60 60 60 80 80 80 80 122 210 210 210 173 173 173 158 191 191 191 163 163 217 169 169 95 66 53 53 Greatest Overweight (x) 74 | . 3 4 4 1 3 3 2 6 3 3 10 2 1 1 74 . . . 39 . 1 1 1 1 2 2 3 . . . Average Overweight (x) 1 | . 1 3 1 1 1 3 2 2 2 2 1 1 1 1 1 . . . 3 . . 1 1 . 1 1 1 . . . Largest Inventory Capacity 35 | 8 25 25 25 25 35 35 35 35 35 35 35 35 35 35 35 25 25 25 25 25 30 30 30 30 30 30 30 5 15 5 Average Capacity 29 | 6 21 25 25 25 29 35 35 35 35 35 35 35 35 35 34 25 25 25 25 25 25 30 30 30 30 30 28 5 5 5 Most Carried 35 | 8 25 25 25 25 35 35 35 35 35 35 35 35 35 35 35 25 25 25 25 25 30 29 30 30 30 30 30 5 5 5 Average Carried 28 | 3 20 23 24 24 26 34 33 32 34 34 34 34 34 34 31 24 24 24 24 24 25 28 29 28 28 28 28 5 5 3 Final Capacity 35 | 8 25 25 25 25 35 35 35 35 35 35 35 35 35 35 25 25 25 25 25 25 30 30 30 30 30 30 5 5 5 5 Final Carried 35 | 8 25 25 25 25 35 34 30 35 35 35 35 35 35 35 25 25 25 25 25 25 30 29 29 30 30 30 5 5 5 2 Scrap Engine Consumption 364 | . . . . . . . . . . . . . . . 90 5 28 20 8 20 49 8 29 9 48 14 36 . . . Constructs Created 10 | . . . . . . . . . . . . . . . 3 . . . 1 . . . . 1 3 . 2 . . . Constructs Modified 150 | . . . . . . . . . . . . . . . 35 2 12 5 8 5 25 2 7 10 17 11 9 2 . . Class Distribution -------------------- 28% | Hauler-Mutant 19% | Construct 17% | Mutant 12% | Bothacker-Mutant 9% | Bothacker-Construct 8% | Hauler-Construct Dominant Class ---------------- Mutant | -10/Materials Mutant | -10/Mines Mutant | -9/Materials Scavenger-Mutant | -9/Mines Mutant | -9/Exiles Hauler-Mutant | -8/Mines Hauler-Mutant | -8/Materials Hauler-Mutant | -8/Garrison Hauler-Mutant | -8/Materials Hauler-Mutant | -8/Garrison Bothacker-Mutant | -7/Factory Bothacker-Mutant | -7/Waste Bothacker-Mutant | -7/Factory Bothacker-Mutant | -7/Storage Hauler-Mutant | -7/Recycling Construct | -5/Factory Construct | -5/Extension Construct | -5/Cetus Construct | -5/Archives Construct | -5/Hub_04(d) Construct | -5/Garrison Bothacker-Construct | -4/Factory Bothacker-Construct | -4/DSF Bothacker-Construct | -3/Research Bothacker-Construct | -3/Armory Bothacker-Construct | -3/Lab Bothacker-Construct | -2/Research Bothacker-Mutant | -2/Testing Bothacker-Sprinter | -1/Access Hacker-Mutant | -1/Command Resources | -11 -10 -10 -9 -9 -9 -8 -8 -8 -8 -8 -7 -7 -7 -7 -7 -5 -5 -5 -5 -5 -5 -4 -4 -3 -3 -3 -2 -2 -1 -1 ----------- Run | Jun Mat Min Mat Min Exi Min Mat Gar Mat Gar Fac Was Fac Sto Rec Fac Ext Cet Arc Hub Gar Fac DSF Res Arm Lab Res Tes Acc Com Matter Collected 13024 | 282 376 152 775 108 30 145 361 996 513 1044 630 432 27 890 1889 30 600 135 70 80 902 . 522 279 1002 213 531 10 . . Remotely . | . . . . . . . . . . . . . . . . . . . . . . . . . . . . . . . Salvage Created 21742 | 45 933 101 1341 318 . 307 663 1216 635 597 398 91 . 1019 4015 63 1035 182 412 1013 1189 . 741 971 2725 90 1627 15 . . Parts 1049 | 6 52 6 85 27 . 7 33 68 34 27 22 7 . 32 170 2 38 18 11 42 53 . 36 48 112 16 96 1 . . Haulers Intercepted 11 | . 2 . 4 . . . 1 . 1 . . . . 3 . . . . . . . . . . . . . . . . Recyclers Shooed 25 | . 1 . 1 1 . . 1 . 2 . . . . 1 12 . 4 . . . . . . . . . 2 . . . Parts Field Recycled 5 | . . . . . . . . . . . . 5 . . . . . . . . . . . . . . . . . . Retrieved Matter 220 | . . . . . . . . . . . . 220 . . . . . . . . . . . . . . . . . . Parts Self-Destructed . | . . . . . . . . . . . . . . . . . . . . . . . . . . . . . . . Prevented . | . . . . . . . . . . . . . . . . . . . . . . . . . . . . . . . Kills | -11 -10 -10 -9 -9 -9 -8 -8 -8 -8 -8 -7 -7 -7 -7 -7 -5 -5 -5 -5 -5 -5 -4 -4 -3 -3 -3 -2 -2 -1 -1 ------- Run | Jun Mat Min Mat Min Exi Min Mat Gar Mat Gar Fac Was Fac Sto Rec Fac Ext Cet Arc Hub Gar Fac DSF Res Arm Lab Res Tes Acc Com Combat Hostiles Destroyed 348 | . 19 8 23 9 . 5 13 27 11 23 9 . . 11 3 2 17 10 4 18 31 . 9 14 55 1 25 1 . . Melee 5 | . . . . . . . . . . . . . . . . . . . . . . . 1 . 2 . 2 . . . Guns 114 | . 18 3 6 9 . 2 13 27 11 . 7 . . 11 3 . . . . . . . . . 3 . 1 . . . Cannons 163 | . . . 16 . . . . . . 23 2 . . . . 2 17 1 4 17 25 . 8 10 24 1 12 1 . . AOE 61 | . . 5 1 . . 3 . . . . . . . . . . . 9 . 1 6 . . 4 24 . 8 . . . Classes Destroyed 24 | 1 7 2 2 . . 2 . 2 1 . 1 . . . . 1 . . . . 2 . 1 1 1 . . . . . Worker 5 | . 1 . 1 . . . . . . . . . . . . . 1 . . . . . . 1 . . 1 . . . Builder 34 | . . . 1 . . . . . . . . . . . 27 . 3 . . 1 . . . 2 . . . . . . Tunneler 5 | 2 2 . 1 . . . . . . . . . . . . . . . . . . . . . . . . . . . Hauler 11 | . 2 . 4 . . . 1 . 1 . . . . 3 . . . . . . . . . . . . . . . . Recycler 58 | . 1 . 1 2 . 1 . . . . . . . 4 45 . 3 . . 1 . . . . . . . . . . Mechanic 2 | . . . . . . . . . . . . . . . . . . . . . . . . 1 1 . . . . . Operator 3 | . 1 . . . . . . . . . . . . . . 1 . . 1 . . . . . . . . . . . Watcher 15 | . 3 . 3 . . . . . 2 . . . . 1 . . 2 . . 2 . . . 1 . . 1 . . . Swarmer 81 | . 6 . 4 7 . . 2 4 1 4 . . . . . . . 9 . 5 12 . . 5 16 . 5 1 . . Cutter 3 | . . . . . . . . . . . . . . . . . . . . . 3 . . . . . . . . . Saboteur 1 | . . . . . . . . . . . . . . . . . . . . . . . . . 1 . . . . . Grunt 130 | . 13 2 14 . . 2 9 12 7 14 6 . . 4 . . 8 . . 4 5 . 5 3 18 . 4 . . . Brawler 5 | . . . . . . . . . 1 . . . . . . . 1 . . . . . . 1 2 . . . . . Duelist 8 | . . . . . . 1 . 1 1 . . . . . . . . . . . . . . . 3 . 2 . . . Protector 3 | . . . . . . . . . . . 1 . . . . . . . . 1 . . . . . . 1 . . . Sentry 47 | . . . 6 2 . . 1 5 1 2 . . . 4 3 1 3 . 4 4 4 . . 3 3 . 1 . . . Demolisher 6 | . . 1 . . . . . . . . . . . . . . . . . . . . . . 5 . . . . . Specialist 3 | . . . . . . . . 1 . 1 . . . . . . . . . . . . . . 1 . . . . . Hunter 15 | . . . . . . 2 1 1 . . . . . 1 . . 3 . . 3 1 . 2 . . . 1 . . . Programmer 30 | . . . . . . . . 3 . 2 2 . . 2 . . . . . . 2 . 1 2 6 . 10 . . . Heavy 1 | . . . . . . . . . . . . . . . . . . . . . . . 1 . . . . . . . Behemoth 7 | . . . . . . . . . . . . . . . . 1 2 . . . 3 . . . . . 1 . . . Cetus Guard 1 | . . . . . . . . . . . . . . . . . . 1 . . . . . . . . . . . . Enhanced Grunt 1 | . . . . . . . . . . . . . . . . . . . 1 . . . . . . . . . . . Lightning 1 | . . . . . . . . . . . . . . . . . . . . 1 . . . . . . . . . . Executioner 1 | . . . . . . . . . . . . . . . . . . . . . 1 . . . . . . . . . Assembled 5 | . . 5 . . . . . . . . . . . . . . . . . . . . . . . . . . . . Martyr 2 | . . . . . . . . . . . . 2 . . . . . . . . . . . . . . . . . . Best Kill Streak 15 | 2 4 5 5 4 . 4 5 7 2 10 2 . . 4 7 1 4 9 4 5 5 . 5 5 15 1 6 1 . . Combat Bots Only 15 | . 3 5 4 4 . 4 5 7 2 10 2 . . 2 1 1 3 9 3 3 5 . 5 5 15 1 6 1 . . Max Kills in Single Turn 9 | 1 2 2 3 2 . 3 1 1 1 2 1 1 . 1 2 1 2 9 1 2 3 . 1 4 5 1 4 1 . . Gunslinging 1 | . . . . 1 . . . . . . . . . . 1 . . . . . . . . . . . . . . . Exploded 9 | . . 2 1 . . 3 . . . . . . . . . . . 9 . 1 3 . . 4 5 . 4 . . . Melee 1 | . . . . . . . . . . . . . . . . . . . . . . . 1 . 1 . 1 . . . Uniques/NPCs Destroyed 1 | . . . . . . . . . . . . . . . . . . . . . . . . . . 1 . . . . A5 (-3/Lab) Combat | -11 -10 -10 -9 -9 -9 -8 -8 -8 -8 -8 -7 -7 -7 -7 -7 -5 -5 -5 -5 -5 -5 -4 -4 -3 -3 -3 -2 -2 -1 -1 -------- Run | Jun Mat Min Mat Min Exi Min Mat Gar Mat Gar Fac Was Fac Sto Rec Fac Ext Cet Arc Hub Gar Fac DSF Res Arm Lab Res Tes Acc Com Damage Taken 45945 | . 626 625 1086 285 . 573 1422 2435 762 1263 1788 . 68 1138 522 352 2412 1093 263 2268 3609 . 1997 2041 7684 1146 6617 1067 242 2561 Core 5279 | . 82 112 113 29 . 93 55 191 54 94 176 . . 128 38 48 204 81 . 161 291 . 99 139 468 132 664 206 46 1575 Absorbed by Shields 1140 | . . . . . . . . . . 729 . . . . . . 30 12 . . 263 . . . . . . . . 106 Reduced by Siege Mode 4 | . . . . . . . . . . . . . . . . . 4 . . . . . . . . . . . . . Redirected to Shielding 38 | . . . . 6 . . 11 21 . . . . . . . . . . . . . . . . . . . . . . Regen/Repaired (Parts) 14481 | . 102 . . . . . . . . . . 38 9 . . 160 1460 578 392 313 2323 . 249 2014 3030 939 2179 695 . . Core Remaining (%) 50 | 100 . 22 . . . 41 . . . 28 . . . . 51 . . . . . 21 . 91 . . 43 . 57 . . Volleys Fired 1587 | 6 73 11 77 14 . 19 52 103 55 56 41 27 1 68 125 21 140 31 20 75 201 2 50 59 118 31 90 5 8 8 Largest 3 | 2 2 2 2 2 . 2 2 2 2 2 2 1 2 2 2 1 2 1 1 1 1 1 1 1 3 1 2 1 1 1 Hottest 325 | 40 112 112 136 46 . 46 46 46 46 88 71 23 48 56 56 46 130 123 123 104 81 41 61 128 325 107 182 130 113 113 Shots Fired 2269 | 12 145 17 153 27 . 36 104 202 110 108 84 27 2 113 255 21 141 31 20 74 193 2 50 59 140 31 91 5 8 8 Gun 1194 | 12 144 12 58 27 . 35 104 202 110 2 70 20 2 99 255 . . . . . 9 . . . 24 1 8 . . . Cannon 993 | . . . 94 . . . . . . 105 14 . . . . 17 131 30 20 74 173 2 50 57 101 30 79 5 8 3 Launcher 31 | . 1 5 1 . . 1 . . . 1 . . . . . . . 1 . . 2 . . 2 13 . 4 . . . Special 51 | . . . . . . . . . . . . 7 . 14 . 4 10 . . . 9 . . . 2 . . . . 5 Kinetic 1526 | 12 28 . 58 27 . 35 104 202 110 107 84 20 2 99 255 17 125 30 20 . 63 2 50 57 18 . 1 . . . Thermal 642 | . 116 12 94 . . . . . . . . . . . . . 1 . . 74 119 . . . 102 31 77 5 8 3 Explosive 31 | . 1 5 1 . . 1 . . . 1 . . . . . . . 1 . . 2 . . 2 13 . 4 . . . Electromagnetic 19 | . . . . . . . . . . . . . . . . . 5 . . . . . . . 5 . 9 . . . Robot Hit Streak 37 | 8 20 3 14 31 . 18 19 27 13 10 12 6 . 23 37 6 10 6 5 12 18 . 7 13 11 5 8 1 . 6 Robot Miss Streak 8 | 1 4 1 4 . . 3 2 4 8 8 4 2 2 2 2 1 5 2 3 5 4 . 2 3 3 2 4 3 . . Penetration Max 2 | . . . . . . . . . . . . . . . . . 1 1 . . . . 1 2 1 . . . . . Secondary Targets 21 | . 3 . . 1 . 1 3 9 1 . 2 . . . 1 . . . . . . . . . . . . . . . Max Gunslinging Chain 1 | . 1 . . 1 . 1 1 1 1 . 1 . . . 1 . . . . . . . . . . . . . . . Shots Hit Robots 1608 | 10 91 10 101 23 . 28 83 151 72 98 56 19 . 96 193 15 89 19 12 47 124 . 35 40 103 17 69 1 . 6 Core Hits 813 | 4 43 13 43 11 . 11 35 55 31 104 30 7 . 28 81 6 38 20 8 21 41 . 15 28 98 5 35 1 . 1 Critical Kills 9 | . 1 . . . . . . 1 . . . . . 1 . . . . . . . . . 2 4 . . . . . Critical Parts Destroyed 17 | 1 . . . . . . . 1 1 . . . . 1 3 . . . . . . . . 7 3 . . . . . Critical Strikes 52 | 1 12 . . . . . . 2 1 . . . . 2 3 . 7 . . . 1 . 2 9 10 . 2 . . . Burn 12 | . 11 . . . . . . . . . . . . . . . . . . . 1 . . . . . . . . . Meltdown 1 | . . . . . . . . . . . . . . . . . . . . . . . . . 1 . . . . . Destroy 24 | 1 1 . . . . . . 2 1 . . . . 2 2 . . . . . . . . 9 6 . . . . . Blast 9 | . . . . . . . . . . . . . . . . . 7 . . . . . 2 . . . . . . . Corrupt 2 | . . . . . . . . . . . . . . . . . . . . . . . . . 1 . 1 . . . Smash 1 | . . . . . . . . . . . . . . . 1 . . . . . . . . . . . . . . . Impale 3 | . . . . . . . . . . . . . . . . . . . . . . . . . 2 . 1 . . . Melee Attacks 70 | . 2 1 . . . . . . . 3 3 . . 5 11 6 . . . . . . . . 13 3 21 . . 2 Impact 31 | . 2 1 . . . . . . . 3 3 . . 5 11 6 . . . . . . . . . . . . . . Slashing 2 | . . . . . . . . . . . . . . . . . . . . . . . . . . . . . . 2 Piercing 37 | . . . . . . . . . . . . . . . . . . . . . . . . . 13 3 21 . . . Sneak Attacks 2 | . . . . . . . . . . . . . . . 1 . . . . . . . . . . . 1 . . . Combat Hostiles . | . . . . . . . . . . . . . . . . . . . . . . . . . . . . . . . Follow-up Attacks . | . . . . . . . . . . . . . . . . . . . . . . . . . . . . . . . Damage Inflicted 66477 | 82 1283 445 2065 390 . 559 1326 2327 1065 1812 967 264 . 1725 4048 826 5061 1437 1016 4459 8513 . 2989 4449 10114 1458 7300 340 . 157 Guns 14952 | 82 1249 117 644 345 . 385 1315 2327 1052 . 711 264 . 1696 3852 . . . . . 97 . . . 633 . 183 . . . Cannons 41418 | . . . 1272 . . . . . . 1757 256 . . . . 687 4888 1065 1016 3859 7883 . 2980 4076 5601 1047 4691 196 . 144 Explosions 8474 | . 34 327 141 . . 174 . . . 42 . . . . . 139 173 372 . 600 533 . . 373 3584 . 1982 . . . Melee 811 | . . . . . . . . . . . . . . . 154 . . . . . . . . . 284 . 373 . . . Ramming 822 | . . 1 8 45 . . 11 . 13 13 . . . 29 42 . . . . . . . 9 . 12 411 71 144 . 13 Kinetic 34013 | 82 141 . 644 345 . 385 1315 2327 1052 1757 967 264 . 1696 3852 687 4794 1065 1016 . 4004 . 2980 4076 538 . 26 . . . Thermal 22527 | . 1108 117 1272 . . . . . . . . . . . . 139 207 . . 4309 4142 . . . 5601 1047 4245 196 . 144 Explosive 7396 | . 34 327 141 . . 174 . . . 42 . . . . . . . 372 . . 367 . . 373 3584 . 1982 . . . Electromagnetic 908 | . . . . . . . . . . . . . . . . . 60 . . 150 . . . . 95 . 603 . . . Impact 154 | . . . . . . . . . . . . . . . 154 . . . . . . . . . . . . . . . Slashing . | . . . . . . . . . . . . . . . . . . . . . . . . . . . . . . . Piercing 657 | . . . . . . . . . . . . . . . . . . . . . . . . . 284 . 373 . . . Highest Corruption 28 | . 1 1 . . . . . 6 9 11 4 . . 5 5 . . . . 17 18 . 2 6 15 28 17 19 . 17 Average Corruption 7 | . 1 1 . . . . . 5 6 9 3 . . 4 5 . . . . 3 17 . 1 5 10 25 11 17 . 10 Corruption Purged 4 | . . . . . . . . . . . 4 . . . . . . . . . . . . . . . . . . . Corruption Blocked . | . . . . . . . . . . . . . . . . . . . . . . . . . . . . . . . Effects 825 | . 13 11 . . . . . 41 35 87 5 . . 34 238 . . . . 9 129 . 1 10 58 90 53 7 . 4 Message Errors 185 | . 4 . . . . . . 9 11 17 . . . 7 67 . . . . . 30 . . 2 9 15 13 1 . . Matter Fused 212 | . 4 3 . . . . . 13 8 20 1 . . 10 59 . . . . . 35 . . 6 18 22 12 1 . . Heat Flow Errors 111 | . 2 2 . . . . . 7 2 12 1 . . 6 34 . . . . 2 14 . . . 9 16 3 . . 1 Energy Discharges 93 | . . 5 . . . . . 4 4 7 . . . 3 26 . . . . 1 18 . . 1 4 13 5 2 . . Parts Rejected 4 | . . . . . . . . . . . . . . . . . . . . . 2 . . . 1 . 1 . . . Parts Fused 2 | . . . . . . . . . . . . . . . . . . . . . . . . . . . 2 . . . Data Loss (minor) 108 | . 1 . . . . . . 3 7 20 1 . . 3 30 . . . . 4 13 . 1 . 6 11 7 1 . . Data Loss (major) 34 | . . 1 . . . . . . . 4 . . . 1 8 . . . . . 5 . . . 5 6 2 1 . 1 Misfires 19 | . 1 . . . . . . 2 1 3 2 . . . 6 . . . . . . . . . 2 1 1 . . . Alerts 20 | . . . . . . . . 2 1 . . . . 2 7 . . . . . 4 . . 1 . 2 1 . . . Misdirections 11 | . . . . . . . . . . . . . . . . . . . . 1 . . . . . 3 4 1 . 2 Weapon Failures 26 | . 1 . . . . . . 1 1 4 . . . 2 1 . . . . 1 8 . . . 4 1 2 . . . Overload Shots . | . . . . . . . . . . . . . . . . . . . . . . . . . . . . . . . Overflow Damage 4092 | . . 14 13 . . . . . . . . . . . 51 13 151 . 65 387 590 . 163 684 1207 49 678 27 . . Projectiles 3732 | . . . 13 . . . . . . . . . . . . 13 151 . 65 372 590 . 163 684 1067 31 556 27 . . Explosions 218 | . . 14 . . . . . . . . . . . . . . . . . 15 . . . . 93 . 96 . . . Melee 142 | . . . . . . . . . . . . . . . 51 . . . . . . . . . 47 18 26 . . . Knockbacks 127 | . . . . . . . 1 . . 56 4 . . . 2 2 10 1 . . 13 . 22 11 . 4 1 . . . Impact 8 | . . . . . . . 1 . . . . . . . 2 . . . . . . . . . . 4 1 . . . Kinetic 113 | . . . . . . . . . . 51 4 . . . . 2 10 1 . . 13 . 22 10 . . . . . . Secondary 6 | . . . . . . . . . . 5 . . . . . . . . . . . . . 1 . . . . . . Self-Inflicted Damage 759 | . . 72 . . . 33 . . . . . . . . . . . . . 26 74 . . 52 171 . 215 110 . 6 Shots 19 | . . 2 . . . 1 . . . . . . . . . . . . . 1 4 . . 2 6 . 3 . . . Rammed 26 | . . . 3 2 . . 1 . 1 2 . . . 1 6 . . . . . . . 2 . . . 3 2 . 3 Targets Rammed 67 | . . 1 3 4 . . 1 . 1 2 . . . 1 6 . . . . . . . 3 1 1 35 3 2 . 3 Kicked 36 | . . 1 . . . . . . . . . . . . . . . . . . . . . . . 35 . . . . Crushed 5 | . . . . 2 . . . . . . . . . . . . . . . . . . 1 1 1 . . . . . Highest Temperature 467 | . 195 162 272 . . 8 49 205 158 291 227 . . 265 262 45 249 330 231 231 439 46 282 273 467 349 249 382 323 138 Average Temperature 87 | . 41 68 91 . . 8 18 59 35 108 104 . . 82 89 20 74 85 89 60 110 23 75 84 117 108 58 187 178 71 Received Heat Transfer 8701 | . 276 91 471 72 . 63 927 873 324 495 639 . 9 306 156 54 318 108 36 252 357 . 327 261 1173 . 873 63 54 123 Effects 14 | . . . 3 . . . . . . 1 . . . . . . . . . . 6 . . 1 1 1 . . 1 . Shutdowns 2 | . . . . . . . . . . . . . . . . . . . . . 2 . . . . . . . . . Energy Bleed 6 | . . . . . . . . . . 1 . . . . . . . . . . 2 . . 1 . 1 . . 1 . Interference 5 | . . . 3 . . . . . . . . . . . . . . . . . 1 . . . 1 . . . . . Matter Decay 1 | . . . . . . . . . . . . . . . . . . . . . 1 . . . . . . . . . Siege Activations 2 | . . . . . . . . . . . . . . . . . 1 . . . . . . . 1 . . . . . Total Turns 11 | . . . . . . . . . . . . . . . . . 7 . . . . . . . 4 . . . . . Longest Duration 7 | . . . . . . . . . . . . . . . . . 7 . . . . . . . 4 . . . . . Robots Corrupted 3 | . . . . . . . . . . . . . . . . . . . . . . . . . 1 . 2 . . . Combat Hostiles 3 | . . . . . . . . . . . . . . . . . . . . . . . . . 1 . 2 . . . Parts Fried 8 | . . . . . . . . . . . . . . . . . . . . 3 . . . . . . 5 . . . Impact Corruptions 5 | . . . . . . . . . . . . . . . 2 . . . . . . . . 1 . 1 1 . . . Robots Melted 2 | . 1 . . . . . . . . . . . . . . . . . . . . . . . 1 . . . . . Combat Hostiles 2 | . 1 . . . . . . . . . . . . . . . . . . . . . . . 1 . . . . . Parts Melted 23 | . 11 . 2 . . . . 2 . . . . . . . . . . . . 1 . . . 7 . . . . . Heat Transferred 10193 | . 3626 296 2294 . . . . . . . . . . . . 50 150 . . 200 779 . . . 2496 . 148 100 . 54 Parts Sabotaged 3 | . . . . . . . . . . . . . . . . . . . . . . . . 3 . . . . . . Parts Stolen . | . . . . . . . . . . . . . . . . . . . . . . . . . . . . . . . Parts Stripped . | . . . . . . . . . . . . . . . . . . . . . . . . . . . . . . . Power Chain Reactions 9 | . . . . . . . . . . . . . . . . 2 1 . . 3 3 . . . . . . . . . Missiles Intercepted . | . . . . . . . . . . . . . . . . . . . . . . . . . . . . . . . Alert | -11 -10 -10 -9 -9 -9 -8 -8 -8 -8 -8 -7 -7 -7 -7 -7 -5 -5 -5 -5 -5 -5 -4 -4 -3 -3 -3 -2 -2 -1 -1 ------- Run | Jun Mat Min Mat Min Exi Min Mat Gar Mat Gar Fac Was Fac Sto Rec Fac Ext Cet Arc Hub Gar Fac DSF Res Arm Lab Res Tes Acc Com Peak Influence 2584 | 10 215 88 508 353 . 123 193 1140 772 1693 920 261 267 283 445 709 437 616 374 432 2584 1362 1300 1060 1668 . 555 425 506 464 Initial 1356 | . 6 10 23 168 . . . 125 555 297 888 204 . 120 22 610 201 208 246 . 302 1356 953 731 417 . . 312 248 323 Average 373 | 2 64 10 272 145 . 37 48 444 531 881 743 65 124 98 134 612 183 414 160 197 1458 1357 1083 756 1037 . 171 346 335 370 Maximum Alert Level 5 | . 1 . 2 1 . . . 4 3 5 3 1 1 1 2 3 2 2 1 2 5 4 4 3 5 . 2 2 2 2 Low Security (%) 47 | 100 97 100 30 81 . 100 100 17 . . . 77 82 91 57 . 53 . 69 46 . . . . . . 72 . . . Level 1 22 | . 2 . 51 18 . . . 33 . 15 . 22 17 8 41 8 44 37 30 50 4 . . . 1 . 4 95 72 76 Level 2 12 | . . . 17 . . . . 32 86 20 37 . . . 1 78 2 62 . 3 13 . . 16 29 . 22 4 27 23 Level 3 8 | . . . . . . . . 12 13 32 62 . . . . 12 . . . . 15 . 56 83 14 . . . . . Level 4 5 | . . . . . . . . 3 . 28 . . . . . . . . . . 16 100 43 . 46 . . . . . Level 5 3 | . . . . . . . . . . 2 . . . . . . . . . . 50 . . . 7 . . . . . High Security . | . . . . . . . . . . . . . . . . . . . . . . . . . . . . . . . Max Security . | . . . . . . . . . . . . . . . . . . . . . . . . . . . . . . . Sterilizations 1 | . . . . . . . . . . . . . . . . . . . . . . . 1 . . . . . . . Squads Dispatched 56 | . 5 . 4 . . . 2 . 1 . 5 . . 7 . . 3 . . 4 . 1 2 3 7 . 6 1 4 1 Investigation 12 | . 4 . 2 . . . . . . . 1 . . 1 . . 1 . . . . . . . . . . 1 1 1 Extermination 13 | . . . . . . . . . . . 2 . . 3 . . . . . 1 . . . 1 2 . 4 . . . Reinforcement 21 | . 1 . 2 . . . 1 . 1 . . . . 3 . . 2 . . 3 . . 2 . 2 . 1 . 3 . Assault 9 | . . . . . . . . . . . 2 . . . . . . . . . . 1 . 2 3 . 1 . . . Garrison 1 | . . . . . . . 1 . . . . . . . . . . . . . . . . . . . . . . . Intercept . | . . . . . . . . . . . . . . . . . . . . . . . . . . . . . . . Searches Triggered 1 | . . . . . . . . . . . . . . . . 1 . . . . . . . . . . . . . . Construction Impeded 1 | . . . . . . . . . . . . . . . . . 1 . . . . . . . . . . . . . Haulers Reinforced 1 | . . . . . . . . . . . . . . 1 . . . . . . . . . . . . . . . . Active Scanning Responses . | . . . . . . . . . . . . . . . . . . . . . . . . . . . . . . . Cargo Convoy Interrupts . | . . . . . . . . . . . . . . . . . . . . . . . . . . . . . . . Stealth | -11 -10 -10 -9 -9 -9 -8 -8 -8 -8 -8 -7 -7 -7 -7 -7 -5 -5 -5 -5 -5 -5 -4 -4 -3 -3 -3 -2 -2 -1 -1 --------- Run | Jun Mat Min Mat Min Exi Min Mat Gar Mat Gar Fac Was Fac Sto Rec Fac Ext Cet Arc Hub Gar Fac DSF Res Arm Lab Res Tes Acc Com Distress Signals 34 | . 2 . 4 . . . 3 . 5 . 1 . . 6 1 . 3 2 . 3 . . . . 2 . 2 . . . Communications Jammed 8 | . . . . . . . . . . . . . . . . . . . . . . . . 1 . . 7 . . . Distress Signals 8 | . . . . . . . . . . . . . . . . . . . . . . . . 1 . . 7 . . . Times Spotted 626 | . 27 10 42 9 . 5 22 30 20 31 30 4 10 30 3 3 35 30 4 38 42 . 15 31 70 1 40 11 15 18 Peak Tracking Total 14 | . 4 5 7 3 . 4 7 5 5 8 8 1 5 5 2 1 4 9 1 8 11 1 4 9 10 1 9 6 9 14 Tactical Retreats 47 | . 1 . 1 . . . . 3 . 3 . . 1 7 . . 5 . . 3 5 . 4 . 3 . 1 2 4 4 Traps | -11 -10 -10 -9 -9 -9 -8 -8 -8 -8 -8 -7 -7 -7 -7 -7 -5 -5 -5 -5 -5 -5 -4 -4 -3 -3 -3 -2 -2 -1 -1 ------- Run | Jun Mat Min Mat Min Exi Min Mat Gar Mat Gar Fac Was Fac Sto Rec Fac Ext Cet Arc Hub Gar Fac DSF Res Arm Lab Res Tes Acc Com Traps Triggered 32 | . 3 . 1 . . . . 11 2 7 1 . . . . . . . . 1 3 . 1 . . . . . 1 1 Indirectly . | . . . . . . . . . . . . . . . . . . . . . . . . . . . . . . . Trap Hack Attempts . | . . . . . . . . . . . . . . . . . . . . . . . . . . . . . . . Triggered . | . . . . . . . . . . . . . . . . . . . . . . . . . . . . . . . Disarmed 3 | . . . . . . . . . . . . . 3 . . . . . . . . . . . . . . . . . Reprogrammed . | . . . . . . . . . . . . . . . . . . . . . . . . . . . . . . . Reused . | . . . . . . . . . . . . . . . . . . . . . . . . . . . . . . . Traps Extracted . | . . . . . . . . . . . . . . . . . . . . . . . . . . . . . . . Installed . | . . . . . . . . . . . . . . . . . . . . . . . . . . . . . . . Triggered 3 | . . . . . . . . . . . . . . 3 . . . . . . . . . . . . . . . . Machines | -11 -10 -10 -9 -9 -9 -8 -8 -8 -8 -8 -7 -7 -7 -7 -7 -5 -5 -5 -5 -5 -5 -4 -4 -3 -3 -3 -2 -2 -1 -1 ---------- Run | Jun Mat Min Mat Min Exi Min Mat Gar Mat Gar Fac Was Fac Sto Rec Fac Ext Cet Arc Hub Gar Fac DSF Res Arm Lab Res Tes Acc Com Machines Disabled 52 | . . . 2 . . . 1 . 1 3 . . . 5 2 1 1 2 1 4 6 . . . 7 5 8 2 1 . Max in Single Turn 2 | . . . 1 . . . 1 . 1 1 . . . 1 1 1 1 1 1 1 1 . . . 1 1 2 1 1 . Garrison Access 3 | . . . . . . . . . . . . . . 1 . 2 . . . . . . . . . . . . . . Garrison Relay 4 | . . . . . . . . . . 2 . . . . . . . . . . 2 . . . . . . . . . Network Hub 2 | . . . . . . . . . . . . . . . . . . . . 2 . . . . . . . . . . Machines Repaired . | . . . . . . . . . . . . . . . . . . . . . . . . . . . . . . . Machines Sabotaged . | . . . . . . . . . . . . . . . . . . . . . . . . . . . . . . . Overloaded Fab Kills . | . . . . . . . . . . . . . . . . . . . . . . . . . . . . . . . Hacking | -11 -10 -10 -9 -9 -9 -8 -8 -8 -8 -8 -7 -7 -7 -7 -7 -5 -5 -5 -5 -5 -5 -4 -4 -3 -3 -3 -2 -2 -1 -1 --------- Run | Jun Mat Min Mat Min Exi Min Mat Gar Mat Gar Fac Was Fac Sto Rec Fac Ext Cet Arc Hub Gar Fac DSF Res Arm Lab Res Tes Acc Com Machines Accessed 90 | . 10 . 5 . 2 1 1 1 5 3 3 . 2 9 12 3 12 1 . 5 3 3 . 1 2 . 1 1 3 1 Terminals 64 | . 7 . 3 . . 1 . 1 3 3 3 . 2 5 6 . 11 1 . 4 3 2 . 1 2 . 1 1 3 1 Fabricators . | . . . . . . . . . . . . . . . . . . . . . . . . . . . . . . . Repair Stations 2 | . 1 . . . . . . . . . . . . 1 . . . . . . . . . . . . . . . . Recycling Units 15 | . 2 . 2 . . . . . 1 . . . . 2 6 1 1 . . . . . . . . . . . . . Scanalyzers 1 | . . . . . . . . . . . . . . . . . . . . . . 1 . . . . . . . . Garrison Access 6 | . . . . . . . 1 . 1 . . . . 1 . 2 . . . 1 . . . . . . . . . . Total Hacks 224 | . 21 . 12 . 2 1 2 1 10 5 6 . 10 15 43 5 28 2 . 9 9 6 . 10 11 . 3 4 8 1 Successful 85 | . 9 . 2 . 2 . 1 . 3 2 2 . 4 7 18 3 13 1 . 3 3 2 . 2 3 . . 1 3 1 Failed 139 | . 12 . 10 . . 1 1 1 7 3 4 . 6 8 25 2 15 1 . 6 6 4 . 8 8 . 3 3 5 . Catastrophic 30 | . 3 . 4 . . . . 1 3 1 2 . . . 5 . 2 . . 2 1 . . 2 3 . . 1 . . Database Lockouts . | . . . . . . . . . . . . . . . . . . . . . . . . . . . . . . . Manual 84 | . 16 . 8 . 2 1 . 1 1 1 . . 6 7 26 . 4 1 . 2 3 . . . 5 . . . . . Terminals 165 | . 14 . 6 . . 1 . 1 6 5 6 . 10 8 21 . 26 2 . 8 9 5 . 10 11 . 3 4 8 1 Fabricators . | . . . . . . . . . . . . . . . . . . . . . . . . . . . . . . . Repair Stations 4 | . 3 . . . . . . . . . . . . 1 . . . . . . . . . . . . . . . . Recycling Units 44 | . 4 . 6 . . . . . 3 . . . . 5 22 2 2 . . . . . . . . . . . . . Scanalyzers 1 | . . . . . . . . . . . . . . . . . . . . . . 1 . . . . . . . . Garrison Access 8 | . . . . . . . 2 . 1 . . . . 1 . 3 . . . 1 . . . . . . . . . . Terminal Hacks 51 | . 3 . 1 . 2 . . . 1 2 2 . 4 3 4 . 12 1 . 2 3 1 . 2 3 . . 1 3 1 Record 1 | . . . . . 1 . . . . . . . . . . . . . . . . . . . . . . . . . Part Schematic 5 | . 2 . . . . . . . . . . . . . 2 . 1 . . . . . . . . . . . . . Robot Analysis 1 | . 1 . . . . . . . . . . . . . . . . . . . . . . . . . . . . . Prototype ID Bank 3 | . . . . . . . . . . . . . . . . . 1 . . 1 . . . . 1 . . . . . Open Door 12 | . . . . . . . . . . 1 . . . 1 . . 5 1 . . . . . . . . . . 3 1 Open DSF 1 | . . . . . . . . . . . . . . . . . . . . . . 1 . . . . . . . . Branch Access Points 3 | . . . . . . . . . . . 1 . 1 . . . . . . . . . . . . . . 1 . . Emergency Access Points 1 | . . . . . . . . . . 1 . . . . . . . . . . . . . . . . . . . . Unreport Threat 13 | . . . 1 . . . . . 1 . . . 2 1 2 . 2 . . 1 . . . 2 1 . . . . . Locate Traps 3 | . . . . . . . . . . . 1 . . . . . 2 . . . . . . . . . . . . . Disarm Traps 1 | . . . . . . . . . . . . . 1 . . . . . . . . . . . . . . . . . Hauler Manifests 1 | . . . . . . . . . . . . . . . . . . . . . . . . . 1 . . . . . Zone Layout 2 | . . . . . . . . . . . . . . 1 . . 1 . . . . . . . . . . . . . Garrison Registry 1 | . . . . . . . . . . . . . . . . . . . . . 1 . . . . . . . . . Patrol Navigation 1 | . . . . . . . . . . . . . . . . . . . . . 1 . . . . . . . . . Security Stations 1 | . . . . . . . . . . . . . . . . . . . . . 1 . . . . . . . . . EX-Prototype ID Bank 1 | . . . . . 1 . . . . . . . . . . . . . . . . . . . . . . . . . Fabricator Hacks . | . . . . . . . . . . . . . . . . . . . . . . . . . . . . . . . Repair Station Hacks 2 | . 2 . . . . . . . . . . . . . . . . . . . . . . . . . . . . . Scan Component 1 | . 1 . . . . . . . . . . . . . . . . . . . . . . . . . . . . . Repair 1 | . 1 . . . . . . . . . . . . . . . . . . . . . . . . . . . . . Recycling Unit Hacks 9 | . 1 . . . . . . . 1 . . . . 2 4 . 1 . . . . . . . . . . . . . Retrieve Components 9 | . 1 . . . . . . . 1 . . . . 2 4 . 1 . . . . . . . . . . . . . Scanalyzer 1 | . . . . . . . . . . . . . . . . . . . . . . 1 . . . . . . . . Insert Component 1 | . . . . . . . . . . . . . . . . . . . . . . 1 . . . . . . . . Garrison Access Hacks 7 | . . . . . . . 1 . 1 . . . . 1 . 3 . . . 1 . . . . . . . . . . Unlock Access 4 | . . . . . . . 1 . 1 . . . . . . 1 . . . 1 . . . . . . . . . . Seal Access 3 | . . . . . . . . . . . . . . 1 . 2 . . . . . . . . . . . . . . Unauthorized Hacks 15 | . 3 . 1 . . . . . . . . . . 1 10 . . . . . . . . . . . . . . . Terminals 4 | . 1 . . . . . . . . . . . . 1 2 . . . . . . . . . . . . . . . Assimilate 1 | . 1 . . . . . . . . . . . . . . . . . . . . . . . . . . . . . Botnet 3 | . . . . . . . . . . . . . . 1 2 . . . . . . . . . . . . . . . Fabricators . | . . . . . . . . . . . . . . . . . . . . . . . . . . . . . . . Repair Stations . | . . . . . . . . . . . . . . . . . . . . . . . . . . . . . . . Recycling Units 11 | . 2 . 1 . . . . . . . . . . . 8 . . . . . . . . . . . . . . . Mask 3 | . . . . . . . . . . . . . . . 3 . . . . . . . . . . . . . . . Tunnel 8 | . 2 . 1 . . . . . . . . . . . 5 . . . . . . . . . . . . . . . Scanalyzers . | . . . . . . . . . . . . . . . . . . . . . . . . . . . . . . . Garrison Access . | . . . . . . . . . . . . . . . . . . . . . . . . . . . . . . . Data Cores Recovered 2 | . 1 . . . . . . . . . . . 1 . . . . . . . . . . . . . . . . . Used . | . . . . . . . . . . . . . . . . . . . . . . . . . . . . . . . Hacking Detections 68 | . 8 . 5 . . 1 1 1 5 2 3 . 2 7 9 1 11 . . 5 . 2 . 1 2 . 1 1 . . Full Trace Events 10 | . . . 1 . . . . . . . 1 . . . 6 . 1 . . . . . . . . . . 1 . . Feedback Events . | . . . . . . . . . . . . . . . . . . . . . . . . . . . . . . . Feedback Blocked . | . . . . . . . . . . . . . . . . . . . . . . . . . . . . . . . Robot Schematics Acquired . | . . . . . . . . . . . . . . . . . . . . . . . . . . . . . . . Robots Built . | . . . . . . . . . . . . . . . . . . . . . . . . . . . . . . . Authchips . | . . . . . . . . . . . . . . . . . . . . . . . . . . . . . . . Time . | . . . . . . . . . . . . . . . . . . . . . . . . . . . . . . . Total Robot Build Rating . | . . . . . . . . . . . . . . . . . . . . . . . . . . . . . . . Part Schematics Acquired 5 | . 2 . . . . . . . . . . . . . 2 . 1 . . . . . . . . . . . . . Parts Built . | . . . . . . . . . . . . . . . . . . . . . . . . . . . . . . . Authchips . | . . . . . . . . . . . . . . . . . . . . . . . . . . . . . . . Time . | . . . . . . . . . . . . . . . . . . . . . . . . . . . . . . . Total Part Build Rating . | . . . . . . . . . . . . . . . . . . . . . . . . . . . . . . . Parts Repaired 1 | . 1 . . . . . . . . . . . . . . . . . . . . . . . . . . . . . Time 26 | . 26 . . . . . . . . . . . . . . . . . . . . . . . . . . . . . Parts Recycled . | . . . . . . . . . . . . . . . . . . . . . . . . . . . . . . . Recycled Matter . | . . . . . . . . . . . . . . . . . . . . . . . . . . . . . . . Retrieved Matter . | . . . . . . . . . . . . . . . . . . . . . . . . . . . . . . . Retrieved Components 54 | . 9 . . . . . . . 9 . . . . 20 7 . 9 . . . . . . . . . . . . . Parts Scanalyzed . | . . . . . . . . . . . . . . . . . . . . . . . . . . . . . . . Part Schematics Acquired . | . . . . . . . . . . . . . . . . . . . . . . . . . . . . . . . Parts Damaged . | . . . . . . . . . . . . . . . . . . . . . . . . . . . . . . . Bothacking | -11 -10 -10 -9 -9 -9 -8 -8 -8 -8 -8 -7 -7 -7 -7 -7 -5 -5 -5 -5 -5 -5 -4 -4 -3 -3 -3 -2 -2 -1 -1 ------------ Run | Jun Mat Min Mat Min Exi Min Mat Gar Mat Gar Fac Was Fac Sto Rec Fac Ext Cet Arc Hub Gar Fac DSF Res Arm Lab Res Tes Acc Com Used RIF Installer 4 | . . . . . . . . 1 . 2 . . . . . . . . . . 1 . . . . . . . . . Command Fork 1 | . . . . . . . . . . . . . . . . . . . . . 1 . . . . . . . . . Patrol Navigation 1 | . . . . . . . . . . 1 . . . . . . . . . . . . . . . . . . . . Structural Interface 1 | . . . . . . . . . . 1 . . . . . . . . . . . . . . . . . . . . Robots Hacked 19 | . . . . . . . . . . . . 5 . 9 . 3 1 . . . . . . . 1 . . . . . Non-combat 5 | . . . . . . . . . . . . . . 2 . 3 . . . . . . . . . . . . . . Combat 14 | . . . . . . . . . . . . 5 . 7 . . 1 . . . . . . . 1 . . . . . Robot Hacks Applied 22 | . . . . . . . . . . . . 6 . 11 . 3 1 . . . . . . . 1 . . . . . parse_system 2 | . . . . . . . . . . . . . . . . 1 1 . . . . . . . . . . . . . no_distress 1 | . . . . . . . . . . . . . . 1 . . . . . . . . . . . . . . . . find_chute 1 | . . . . . . . . . . . . . . . . 1 . . . . . . . . . . . . . . find_recycling 1 | . . . . . . . . . . . . . . . . 1 . . . . . . . . . . . . . . purge_threat 1 | . . . . . . . . . . . . . . 1 . . . . . . . . . . . . . . . . locate_traps 1 | . . . . . . . . . . . . . . 1 . . . . . . . . . . . . . . . . reprogram_traps 1 | . . . . . . . . . . . . . . 1 . . . . . . . . . . . . . . . . ignore_targets 6 | . . . . . . . . . . . . 6 . . . . . . . . . . . . . . . . . . overwrite_iff 1 | . . . . . . . . . . . . . . 1 . . . . . . . . . . . . . . . . streamctrl_high 1 | . . . . . . . . . . . . . . 1 . . . . . . . . . . . . . . . . formatsys_high 6 | . . . . . . . . . . . . . . 5 . . . . . . . . . . 1 . . . . . Relay Couplers Released 13 | . . . . . . . . . . 7 . . . . . . . . . . 6 . . . . . . . . . Machine Destruction 13 | . . . . . . . . . . 7 . . . . . . . . . . 6 . . . . . . . . . Attached 9 | . . . . . . . . . . . . 1 . 4 . . . . . . . . . . 1 . 1 . . 2 Fabnet Peak Effective % . | . . . . . . . . . . . . . . . . . . . . . . . . . . . . . . . Robots Rewired 17 | . . . . . 2 . . 3 . 3 . . . . . . 6 . . . 3 . . . . . . . . . Allies Hacked 1 | . . . . . . . . . . . . . . . . . . . . . . . . . 1 . . . . . Hacks Repelled . | . . . . . . . . . . . . . . . . . . . . . . . . . . . . . . . Allies | -11 -10 -10 -9 -9 -9 -8 -8 -8 -8 -8 -7 -7 -7 -7 -7 -5 -5 -5 -5 -5 -5 -4 -4 -3 -3 -3 -2 -2 -1 -1 -------- Run | Jun Mat Min Mat Min Exi Min Mat Gar Mat Gar Fac Was Fac Sto Rec Fac Ext Cet Arc Hub Gar Fac DSF Res Arm Lab Res Tes Acc Com Total Allies 66 | . . 6 . . 2 . . 3 . 5 . 19 . 7 . . 14 5 . . 4 . . . 1 . . . . . Largest Group 19 | . . 6 3 . 2 2 . 3 3 3 2 19 11 6 . . 8 6 3 . 3 . . . 1 . . . . . Highest-Rated Group 633 | . . 112 63 . 29 29 . 48 48 62 30 465 311 178 . . 358 633 322 . 147 . . . 137 . . . . . Highest-Rated Ally 159 | . . 31 31 . 21 21 . 16 16 31 15 35 31 32 . . 159 159 137 . 49 . . . 137 . . . . . Total Orders 8 | . . . . . . . . . . 2 . . . 1 . . 2 . . . 3 . . . . . . . . . STAY 5 | . . . . . . . . . . 1 . . . 1 . . 1 . . . 2 . . . . . . . . . FOLLOW 3 | . . . . . . . . . . 1 . . . . . . 1 . . . 1 . . . . . . . . . Ally Attacks 744 | . . 18 56 . . 5 . . 56 34 7 178 94 100 . . 79 65 7 . 35 . . . 10 . . . . . Total Damage 17246 | . . 242 613 . . 61 . . 641 482 162 4381 1432 2252 . . 1667 2996 237 . 1463 . . . 617 . . . . . Kills 110 | . . 5 12 . . . . . 9 8 2 12 15 13 . . 10 13 . . 9 . . . 2 . . . . . Allies Corrupted 4 | . . . . . . . . . . . . . . . . . 3 . . . 1 . . . . . . . . . Allies Melted . | . . . . . . . . . . . . . . . . . . . . . . . . . . . . . . . Intel | -11 -10 -10 -9 -9 -9 -8 -8 -8 -8 -8 -7 -7 -7 -7 -7 -5 -5 -5 -5 -5 -5 -4 -4 -3 -3 -3 -2 -2 -1 -1 ------- Run | Jun Mat Min Mat Min Exi Min Mat Gar Mat Gar Fac Was Fac Sto Rec Fac Ext Cet Arc Hub Gar Fac DSF Res Arm Lab Res Tes Acc Com Robot Analysis Total 1 | . 1 . . . . . . . . . . . . . . . . . . . . . . . . . . . . . Derelict Logs Recovered 3 | . . 1 . 2 . . . . . . . . . . . . . . . . . . . . . . . . . . Drone Launches . | . . . . . . . . . . . . . . . . . . . . . . . . . . . . . . . Drone Recoveries . | . . . . . . . . . . . . . . . . . . . . . . . . . . . . . . . Exploration | -11 -10 -10 -9 -9 -9 -8 -8 -8 -8 -8 -7 -7 -7 -7 -7 -5 -5 -5 -5 -5 -5 -4 -4 -3 -3 -3 -2 -2 -1 -1 ------------- Run | Jun Mat Min Mat Min Exi Min Mat Gar Mat Gar Fac Was Fac Sto Rec Fac Ext Cet Arc Hub Gar Fac DSF Res Arm Lab Res Tes Acc Com Turns Passed 49197 | 109 3055 2147 1761 1126 2206 504 630 2495 1303 2621 1278 1757 274 2122 9611 455 3372 609 1332 764 2907 265 646 592 1508 1874 1441 126 169 138 Spaces Moved 17869 | 77 1085 500 533 443 745 111 136 577 334 725 339 671 107 683 3400 318 1348 226 285 662 1788 120 204 262 544 361 337 179 495 274 Core 94 | 7 . . . . . . . . . . . . . . 1 . . . 27 . . . . . . . . . . 59 Treads 11107 | 4 758 20 474 443 745 111 136 231 334 725 181 551 107 683 1949 318 1348 66 36 . 737 120 204 95 443 220 68 . . . Legs 3040 | . . 480 59 . . . . 346 . . 158 120 . . . . . 160 222 511 537 . . 106 80 141 120 . . . Wheels 1843 | 66 327 . . . . . . . . . . . . . 1450 . . . . . . . . . . . . . . . Hover 514 | . . . . . . . . . . . . . . . . . . . . 35 132 . . 61 21 . 149 116 . . Flight 1271 | . . . . . . . . . . . . . . . . . . . . 116 382 . . . . . . 63 495 215 Fastest Speed 20 | 50 100 320 240 240 240 400 320 252 320 320 227 240 240 240 113 113 164 223 105 41 41 207 207 107 148 207 79 20 20 28 Average Speed 205 | 98 240 401 250 240 287 400 320 354 320 320 284 243 240 240 179 114 185 223 321 67 73 207 207 167 188 299 291 46 26 33 Slowest Speed 3750 | 160 320 480 400 240 400 400 320 598 400 400 960 320 240 240 3750 164 223 223 2000 105 207 207 207 207 358 360 360 79 29 50 Overloaded Moves 3 | . . . . . . . . . . . 3 . . . . . . . . . . . . . . . . . . . Propulsion Burnouts . | . . . . . . . . . . . . . . . . . . . . . . . . . . . . . . . Robots Hopped 13 | . . . . . . . . . . . . . . . . . . . . 1 1 . . . . . . 4 4 3 Cave-ins Triggered . | . . . . . . . . . . . . . . . . . . . . . . . . . . . . . . . Teleports 1 | . . . . . . . . . . . . . . . . . . . . . . . . . . . 1 . . . Exploration Rate (%) 54 | 5 97 96 65 77 90 35 21 59 35 85 13 95 3 94 99 9 81 68 87 52 96 5 87 9 43 96 14 30 20 18 Regions Visited 30 Branch Regions 14 Pre-discovered Areas 12 | . 2 1 1 2 1 . . . . . . . . . 5 . . . . . . . . . . . . . . . Known Exits Taken 5 | . . . . . . . 1 . 1 . . . 1 . . . . . . 1 . 1 . . . . . . . . Unknown Exits Taken 19 | 1 1 1 1 1 1 1 . . . . . . . 1 1 1 1 1 1 . . . . 1 1 1 1 1 1 . Scrap Searched 3 | . . 1 . 2 . . . . . . . . . . . . . . . . . . . . . . . . . . Spaces Dug 122 | . 2 1 . . . 8 . . . 4 3 . . 2 6 8 . . . 1 11 2 . 14 48 . 4 . 6 2 Terrain Destroyed 681 | . 8 37 6 . . 8 . . . 4 3 . . 2 6 19 72 30 9 35 114 2 43 49 150 5 71 . 6 2 Melee 27 | . 2 1 . . . . . . . 1 3 . . 2 6 6 . . . . . . . . 2 . 2 . . 2 Projectile 333 | . . . . . . . . . . . . . . . . 6 72 19 9 21 83 2 43 29 24 5 14 . 6 . AOE 321 | . 6 36 6 . . 8 . . . 3 . . . . . 7 . 11 . 14 31 . . 20 124 . 55 . . . Terrain Rammed 2 | . . . . . . . . . . . . . . . . . . . . . . . . . . . . 2 . . Walls Destroyed 1 | . . . . . . . . . . . . . . . . . . . . . . . . . . . . 1 . . Machines Disabled 1 | . . . . . . . . . . . . . . . . . . . . . . . . . . . . 1 . . Actions | -11 -10 -10 -9 -9 -9 -8 -8 -8 -8 -8 -7 -7 -7 -7 -7 -5 -5 -5 -5 -5 -5 -4 -4 -3 -3 -3 -2 -2 -1 -1 --------- Run | Jun Mat Min Mat Min Exi Min Mat Gar Mat Gar Fac Was Fac Sto Rec Fac Ext Cet Arc Hub Gar Fac DSF Res Arm Lab Res Tes Acc Com Total 28032 | 97 1391 616 811 477 832 137 223 828 464 905 568 780 123 1049 6663 380 2091 304 682 909 3186 134 377 353 865 1085 671 211 516 304 Wait 6879 | . 170 89 80 7 . 3 17 23 21 26 135 27 13 189 2967 5 512 14 361 155 1112 2 107 10 94 581 133 19 2 5 Move 17818 | 76 1084 499 532 442 744 110 136 576 334 724 339 670 106 682 3399 317 1347 225 284 659 1785 120 203 261 543 360 336 170 487 268 Hop 12 | . . . . . . . . . . . . . . . . . . . . 1 1 . . . . . . 4 3 3 Pick Up 357 | 8 28 5 34 2 36 1 4 19 17 15 14 9 1 22 45 6 13 7 2 2 17 . . 3 22 18 7 . . . Fast Attach 234 | 7 5 . 10 1 . . . 10 6 2 5 10 . 15 10 3 18 9 5 7 23 3 3 5 15 19 18 6 12 7 Attach 126 | . . 5 6 . 1 2 10 18 2 8 11 3 . 6 6 6 4 1 . . 7 2 . 3 14 2 7 . . 2 Detach 43 | . . . . . 1 . . 9 . . 2 2 . 3 5 4 2 . . . 2 1 1 1 8 . 2 . . . Swap 198 | . 11 5 26 2 1 2 3 6 4 18 8 6 1 25 18 7 4 2 2 1 8 1 4 6 13 3 9 . . 2 Drop 502 | . 18 . 43 5 33 . . 7 24 15 10 26 1 33 70 5 27 15 8 9 29 3 4 4 24 33 45 3 4 4 Fire 1587 | 6 73 11 77 14 . 19 52 103 55 56 41 27 1 68 125 21 140 31 20 75 201 2 50 59 118 31 90 5 8 8 Melee 70 | . 2 1 . . . . . . . 3 3 . . 5 11 6 . . . . . . . . 13 3 21 . . 2 Ram 10 | . . . . . . . . . . . . . . . . . . . . . . . . . . . 3 4 . 3 Kick 36 | . . 1 . . . . . . . . . . . . . . . . . . . . . . . 35 . . . . Crush 23 | . . . 3 4 . . 1 . 1 2 . . . 1 6 . . . . . . . 3 1 1 . . . . . Escape Stasis 59 | . . . . . . . . 44 . 12 . . . . . . . . . . 1 . 2 . . . . . . . Rewire 78 | . . . . . 16 . . 13 . 24 . . . . 1 . 24 . . . . . . . . . . . . . Trap . | . . . . . . . . . . . . . . . . . . . . . . . . . . . . . . . Miscellaneous . | . . . . . . . . . . . . . . . . . . . . . . . . . . . . . . . Route ------- -11/Junkyard -10/Materials (discovered 5 exits: *Mat x3 / [*Min x2]) -10/Mines (discovered 2 exits: *Mat x2) -9/Materials (discovered 2 exits: *Mat / [*Min]) -9/Mines (discovered 3 exits: *Mat x2 / *Exi) -9/Exiles -8/Mines -8/Materials -8/Garrison (discovered 4 exits: *Mat x4) -8/Materials (discovered 3 exits: *Fac x2 / Gar) -8/Garrison (discovered 3 exits: *Fac x3) -7/Factory (discovered 4 exits: Sto x2 / Low x2) -7/Waste -7/Factory (discovered 4 exits: *Sto x2 / Low x2) -7/Storage (discovered 2 exits: [*Fac] / *Rec) -7/Recycling -5/Factory (discovered 3 exits: *Fac / [*Upp] / *Ext) -5/Extension (discovered 3 exits: *Fac x2 / *Cet) -5/Cetus (discovered 2 exits: *Fac / [*Arc]) -5/Archives (discovered 3 exits: *Fac / *Hub x2) -5/Hub_04(d) -5/Garrison (discovered 3 exits: *Fac x3) -4/Factory -4/DSF -3/Research -3/Armory (discovered 2 exits: Res / *Lab) -3/Lab -2/Research -2/Testing -1/Access -1/Command History --------- Turn | Location | Event 50 | -11/Junkyard | Discovered new exit (range 16) 110 | -11/Junkyard | Entered Materials 313 | -10/Materials | Discovered new exit (range 8) 324 | -10/Materials | Build established: Mutant 438 | -10/Materials | Discovered new exit (range 12) 936 | -10/Materials | Discovered new exit (range 15) 1000 | -10/Materials | Repaired Lgt. Treads 1294 | -10/Materials | Discovered new exit (range 4) 2154 | -10/Materials | Discovered new exit (range 8) 3165 | -10/Materials | Entered Mines 3166 | -10/Mines | Assembled infested the area 3216 | -10/Mines | Lost 3 parts (2n1u) 3322 | -10/Mines | Core integrity fell below 50% 3448 | -10/Mines | Assisted by bots powering up and referring to "LRC-V3" 3996 | -10/Mines | Discovered new exit (range 5) 4007 | -10/Mines | Received a Mining Laser from a helpful Derelict 4084 | -10/Mines | A weapon hastily lodged in a ceiling crevice suddenly fell to the ground 5227 | -10/Mines | Discovered new exit (range 5) 5312 | -10/Mines | Entered Materials 5312 | -9/Materials | Accompanied by 3 allies 5312 | -9/Materials | Evolved 2 slots: Propulsion x1, Utility x1 5317 | -9/Materials | Led the pair of lost Derelicts to an unsafe place 6705 | -9/Materials | Discovered new exit (range 12) 7036 | -9/Materials | Discovered new exit (range 6) 7073 | -9/Materials | Entered Mines 7164 | -9/Mines | Build established: Scavenger-Mutant 7347 | -9/Mines | Learned Materials stockpile data 7351 | -9/Mines | Discovered new exit (range 10) 7899 | -9/Mines | Discovered new exit (range 3) 8093 | -9/Mines | Build established: Mutant 8187 | -9/Mines | Deemed a non-threat by the Exiles lab entrance 8189 | -9/Mines | Discovered new exit (range 5) 8199 | -9/Mines | Entered Exiles 8199 | -9/Exiles | Found Exiles lab destroyed 8444 | -9/Exiles | Opened EX-Vault 8461 | -9/Exiles | Found Potential Leg 8467 | -9/Exiles | Found Potential Leg 8635 | -9/Exiles | Learned location of Zion (-6) 9396 | -9/Exiles | Discovered new exit (range 10) 9770 | -9/Exiles | Build established: Hauler-Mutant 10405 | -9/Exiles | Entered Mines 10405 | -8/Mines | Accompanied by 2 allies 10775 | -8/Mines | Core integrity fell below 50% 10865 | -8/Mines | Discovered new exit (range 9) 10909 | -8/Mines | Entered Materials 10909 | -8/Materials | Evolved 2 slots: Propulsion x1, Utility x1 11289 | -8/Materials | Lost 3 parts (1n2u) 11466 | -8/Materials | Garrison activated, responded to threat 11508 | -8/Materials | Lost 3 parts (1p2n) 11539 | -8/Materials | Identified exit to Garrison 11539 | -8/Materials | Entered Garrison 11684 | -8/Garrison | Triggered checkpoint 11798 | -8/Garrison | Lost 5 parts (3n1u1w) 11950 | -8/Garrison | Triggered checkpoint 12070 | -8/Garrison | Discovered new exit (range 10) 12212 | -8/Garrison | Triggered checkpoint 12345 | -8/Garrison | Discovered new exit (range 8) 12464 | -8/Garrison | Triggered checkpoint 12565 | -8/Garrison | Lost 5 parts (2n1u2w) 12805 | -8/Garrison | Triggered checkpoint 12875 | -8/Garrison | Lost 3 parts (1p2n) 12876 | -8/Garrison | Destroyed 7 combat bots 13073 | -8/Garrison | Discovered new exit (range 10) 13201 | -8/Garrison | Installed Relay Interface Framework 13296 | -8/Garrison | Triggered checkpoint 13642 | -8/Garrison | Triggered checkpoint 13738 | -8/Garrison | Triggered checkpoint 13856 | -8/Garrison | Triggered checkpoint 13943 | -8/Garrison | Discovered new exit (range 5) 14034 | -8/Garrison | Entered Materials 14034 | -8/Materials | Accompanied by 3 allies 14361 | -8/Materials | Discovered new exit (range 8) 14852 | -8/Materials | Discovered new exit (range 15) 15107 | -8/Materials | Core integrity fell below 50% 15337 | -8/Materials | Identified exit to Garrison 15337 | -8/Materials | Entered Garrison 15406 | -8/Garrison | Triggered checkpoint 15579 | -8/Garrison | Expanded RIF knowledge: Structural Interface 15706 | -8/Garrison | Triggered checkpoint 15727 | -8/Garrison | Triggered checkpoint 15803 | -8/Garrison | Destroyed 10 combat bots 16006 | -8/Garrison | Discovered new exit (range 5) 16084 | -8/Garrison | Triggered checkpoint 16187 | -8/Garrison | Expanded RIF knowledge: Patrol Navigation 16211 | -8/Garrison | Garrison Relay disabled 16304 | -8/Garrison | Rescued a captive Derelict 16305 | -8/Garrison | Rescued a captive Derelict 16648 | -8/Garrison | Discovered new exit (range 14) 16803 | -8/Garrison | Garrison Relay disabled 16882 | -8/Garrison | Triggered checkpoint 17022 | -8/Garrison | Discovered new exit (range 11) 17104 | -8/Garrison | Triggered checkpoint 17226 | -8/Garrison | Triggered checkpoint 17457 | -8/Garrison | System corruption reached 10% 17770 | -8/Garrison | Triggered checkpoint 17823 | -8/Garrison | Build established: Bothacker-Mutant 17958 | -8/Garrison | Entered Factory 17958 | -7/Factory | Accompanied by 2 allies 17958 | -7/Factory | Evolved 2 slots: Propulsion x2 18358 | -7/Factory | First assault squad dispatched 18710 | -7/Factory | Lost 6 parts (1p4n1u) 19156 | -7/Factory | Identified exit to Storage 19156 | -7/Factory | Identified exit to Lower Caves 19236 | -7/Factory | Sucked down chute 19236 | -7/Factory | Entered Waste 19332 | -7/Waste | Spotted C-40 Crusher 19379 | -7/Waste | Spotted C-40 Crusher 19436 | -7/Waste | Spotted C-40 Crusher 19445 | -7/Waste | Spotted C-40 Crusher 19487 | -7/Waste | Spotted C-40 Crusher 19510 | -7/Waste | Warlord forces began an assault 19538 | -7/Waste | Spotted C-40 Crusher 19544 | -7/Waste | Allies destroyed C-40 Crusher 19600 | -7/Waste | Allies destroyed C-40 Crusher 19609 | -7/Waste | Allies destroyed C-40 Crusher 19650 | -7/Waste | Allies destroyed C-40 Crusher 19706 | -7/Waste | Allies destroyed C-40 Crusher 19960 | -7/Waste | Discovered new exit (range 12) 20993 | -7/Waste | Entered Factory 20993 | -7/Factory | Accompanied by 11 allies 21267 | -7/Factory | Entered Storage 21267 | -7/Storage | Accompanied by 6 allies 22490 | -7/Storage | Discovered new exit (range 5) 22697 | -7/Storage | Build established: Hauler-Mutant 22764 | -7/Storage | Found Prototype Launcher 22764 | -7/Storage | Identified Rocket Array 23297 | -7/Storage | Used back door to open Recycling access 23297 | -7/Storage | Discovered new exit (range 5) 23389 | -7/Storage | Entered Recycling 24200 | -7/Recycling | Found Scrap Engine 25156 | -7/Recycling | Discovered new exit (range 9) 28538 | -7/Recycling | Build established: Hauler-Construct 32464 | -7/Recycling | Build established: Construct 33000 | -7/Recycling | Entered Factory 33000 | -5/Factory | Spotted B-75 Beast 33000 | -5/Factory | Evolved 4 slots: Power x1, Propulsion x1, Utility x1, Weapon x1 33010 | -5/Factory | Destroyed B-75 Beast 33053 | -5/Factory | Identified exit to Garrison 33147 | -5/Factory | Discovered new exit (range 15) 33228 | -5/Factory | Discovered new exit (range 10) 33300 | -5/Factory | Search patrols dispatched 33445 | -5/Factory | Discovered new exit (range 6) 33455 | -5/Factory | Entered Extension 33519 | -5/Extension | Rescued a captive Derelict 34345 | -5/Extension | Rescued a captive Derelict 34346 | -5/Extension | Rescued a captive Derelict 35352 | -5/Extension | Spotted B-75 Beast 35383 | -5/Extension | Destroyed B-75 Beast 35445 | -5/Extension | Spotted B-75 Beast 35490 | -5/Extension | Destroyed B-75 Beast 35543 | -5/Extension | Discovered new exit (range 3) 35638 | -5/Extension | Rescued a captive Derelict 35639 | -5/Extension | Rescued a captive Derelict 35660 | -5/Extension | Rescued a captive Derelict 35667 | -5/Extension | Rescued a captive Derelict 35743 | -5/Extension | Rescued A7 36569 | -5/Extension | Discovered new exit (range 10) 36571 | -5/Extension | Discovered new exit (range 6) 36827 | -5/Extension | Entered Cetus 36827 | -5/Cetus | Accompanied by 5 allies (A7) 36832 | -5/Cetus | Acquired a Cetus Manufacturing Module code from A7 36856 | -5/Cetus | Spotted Cetus Guard 36856 | -5/Cetus | Spotted Cetus Guard 36858 | -5/Cetus | Spotted Cetus Guard 36859 | -5/Cetus | Spotted Cetus Guard 36872 | -5/Cetus | Allies destroyed Cetus Guard 36874 | -5/Cetus | Allies destroyed Cetus Guard 36884 | -5/Cetus | Allies destroyed Cetus Guard 36889 | -5/Cetus | Destroyed Cetus Guard 37064 | -5/Cetus | Destroyed 9 combat bots 37065 | -5/Cetus | Started Cetus Manufacturing Module 37082 | -5/Cetus | Escorted A7 to Cetus Mainframe 37090 | -5/Cetus | Manufactured an Enhanced Grunt 37115 | -5/Cetus | Manufactured an Enhanced Grunt 37140 | -5/Cetus | Manufactured an Enhanced Grunt 37162 | -5/Cetus | Discovered new exit (range 15) 37165 | -5/Cetus | Manufactured an Enhanced Grunt 37190 | -5/Cetus | Manufactured an Enhanced Grunt 37201 | -5/Cetus | Spotted Cetus Guard 37202 | -5/Cetus | Spotted Cetus Guard 37212 | -5/Cetus | Allies destroyed Cetus Guard 37212 | -5/Cetus | Spotted Cetus Guard 37213 | -5/Cetus | Spotted Cetus Guard 37226 | -5/Cetus | Allies destroyed Cetus Guard 37240 | -5/Cetus | Discovered new exit (range 16) 37241 | -5/Cetus | Allies destroyed Cetus Guard 37253 | -5/Cetus | Allies destroyed Cetus Guard 37257 | -5/Cetus | Met Revision 17 37360 | -5/Cetus | Found Prototype Device 37360 | -5/Cetus | Identified Exp. Thermal Shield 37436 | -5/Cetus | Entered Archives 37436 | -5/Archives | Accompanied by 3 allies (A7) 37441 | -5/Archives | Received a hacking code to weaken MAIN.C 37605 | -5/Archives | Discovered new exit (range 16) 37633 | -5/Archives | Discovered new exit (range 15) 38021 | -5/Archives | Discovered new exit (range 14) 38768 | -5/Archives | Entered Hub_04(d) 39032 | -5/Hub_04(d) | Found Prototype Launcher 39032 | -5/Hub_04(d) | Identified Tesla Bomb Launcher 39244 | -5/Hub_04(d) | Identified exit to Garrison 39391 | -5/Hub_04(d) | Network Hub disabled 39416 | -5/Hub_04(d) | Spotted Lightning 39424 | -5/Hub_04(d) | Spotted Lightning 39429 | -5/Hub_04(d) | Spotted Lightning 39450 | -5/Hub_04(d) | System corruption reached 10% 39455 | -5/Hub_04(d) | Destroyed Lightning 39510 | -5/Hub_04(d) | Spotted Lightning 39511 | -5/Hub_04(d) | Spotted Lightning 39513 | -5/Hub_04(d) | Network Hub disabled 39513 | -5/Hub_04(d) | Spotted Lightning 39532 | -5/Hub_04(d) | Entered Garrison 39584 | -5/Garrison | Expanded RIF knowledge: Command Fork 39680 | -5/Garrison | Spotted B-75 Beast 39685 | -5/Garrison | Core integrity fell below 50% 39896 | -5/Garrison | Triggered checkpoint 39999 | -5/Garrison | Spotted B-75 Beast 40068 | -5/Garrison | Destroyed B-75 Beast 40089 | -5/Garrison | Garrison Relay disabled 40328 | -5/Garrison | Triggered checkpoint 40511 | -5/Garrison | Destroyed B-75 Beast 40728 | -5/Garrison | Discovered new exit (range 3) 40760 | -5/Garrison | Rescued a captive Derelict 40788 | -5/Garrison | Triggered checkpoint 40799 | -5/Garrison | Learned Factory security intel 40818 | -5/Garrison | Triggered checkpoint 40922 | -5/Garrison | Discovered new exit (range 10) 40942 | -5/Garrison | Triggered checkpoint 40961 | -5/Garrison | Triggered checkpoint 40980 | -5/Garrison | Garrison Relay disabled 41090 | -5/Garrison | Build established: Scavenger-Construct 41095 | -5/Garrison | Triggered checkpoint 41288 | -5/Garrison | Triggered checkpoint 41380 | -5/Garrison | Spotted Executioner 41380 | -5/Garrison | Spotted Executioner 41381 | -5/Garrison | Discovered new exit (range 12) 41400 | -5/Garrison | Discovered new exit (range 42) 41400 | -5/Garrison | Discovered new exit (range 65) 41400 | -5/Garrison | Discovered new exit (range 13) 41535 | -5/Garrison | Build established: Construct 41566 | -5/Garrison | Allies destroyed Executioner 41575 | -5/Garrison | Destroyed Executioner 41928 | -5/Garrison | Spotted B-75 Beast 42024 | -5/Garrison | Destroyed B-75 Beast 42166 | -5/Garrison | Found Relay Coupler [Proto] 42169 | -5/Garrison | Found Relay Coupler [Proto] 42171 | -5/Garrison | Found Relay Coupler [Proto] 42174 | -5/Garrison | Found Relay Coupler [Proto] 42261 | -5/Garrison | Found Prototype Processor 42364 | -5/Garrison | Found Prototype Processor 42364 | -5/Garrison | Identified Exp. Core Analyzer 42439 | -5/Garrison | Entered Factory 42439 | -4/Factory | Evolved 2 slots: Utility x2 42461 | -4/Factory | Build established: Bothacker-Construct 42689 | -4/Factory | First assault squad dispatched 42704 | -4/Factory | Identified exit to DSF 42704 | -4/Factory | Entered DSF 42846 | -4/DSF | Discovered new exit (range 23) 42924 | -4/DSF | Additional patrols routed to DSF 43249 | -4/DSF | Sterilization system engaged 43269 | -4/DSF | Ambient heat levels rising (+10) 43284 | -4/DSF | Ambient heat levels rising (+10) 43299 | -4/DSF | Ambient heat levels rising (+10) 43314 | -4/DSF | Ambient heat levels rising (+10) 43329 | -4/DSF | Ambient heat levels rising (+10) 43344 | -4/DSF | Ambient heat levels rising (+10) 43350 | -4/DSF | Entered Research 43350 | -3/Research | Evolved 2 slots: Utility x1, Weapon x1 43444 | -3/Research | Discovered new exit (range 8) 43534 | -3/Research | Spotted B-86 Titan 43600 | -3/Research | First assault squad dispatched 43776 | -3/Research | Found Unknown Launcher 43776 | -3/Research | Identified Fusion Bomb Launcher 43942 | -3/Research | Entered Armory 44438 | -3/Armory | Destroyed 15 combat bots 44445 | -3/Armory | Found Corrupted Prototype Device 44606 | -3/Armory | System corruption reached 10% 44670 | -3/Armory | Destroyed 9 combat bots 44692 | -3/Armory | First assault squad dispatched 44856 | -3/Armory | Destroyed 11 combat bots 44866 | -3/Armory | Lost 3 parts (1n2w) 45049 | -3/Armory | Lost 3 parts (1u2w) 45113 | -3/Armory | Discovered new exit (range 21) 45271 | -3/Armory | Lost 4 parts (1p2u1w) 45314 | -3/Armory | Discovered new exit (range 15) 45331 | -3/Armory | Found Unknown Launcher 45331 | -3/Armory | Identified Gamma Bomb Array 45450 | -3/Armory | Entered Lab 45450 | -3/Lab | Discovered new exit (range 8) 45697 | -3/Lab | Unable to decrypt terminal 45703 | -3/Lab | Detected for breach 45704 | -3/Lab | Gained access to the hidden lab's interior 45709 | -3/Lab | Confronted by A5 45712 | -3/Lab | Core integrity fell below 50% 45857 | -3/Lab | Destroyed A5 45901 | -3/Lab | Found Prototype Protection 45901 | -3/Lab | Identified Med. Regenerative Plating 46062 | -3/Lab | Found Prototype Energy Cannon 46062 | -3/Lab | Identified Potential Cannon 46068 | -3/Lab | Found Prototype Energy Gun 46068 | -3/Lab | Identified Tachyon Dispersion Ray 46428 | -3/Lab | Found Corrupted Med. Regenerative Plating 46431 | -3/Lab | Found Prototype Hackware 46436 | -3/Lab | Found Prototype Hackware 46481 | -3/Lab | Found Alien Artifact 46481 | -3/Lab | Identified Integrated Mediator 46481 | -3/Lab | Installed Integrated Mediator, increased core attachment efficiency. 46498 | -3/Lab | Found Alien Artifact 46594 | -3/Lab | Found Prototype Special Weapon 46595 | -3/Lab | Identified Gui. Remote Datajack 46798 | -3/Lab | Found Alien Artifact 46821 | -3/Lab | Found Alien Artifact 46913 | -3/Lab | Found Prototype Hackware 47324 | -3/Lab | Entered Research 47324 | -2/Research | Evolved 2 slots: Utility x2 47703 | -2/Research | System corruption reached 10% 47915 | -2/Research | Build established: Bothacker-Mutant 48244 | -2/Research | Build established: Bothacker-Construct 48269 | -2/Research | Found Fusion Bomb Launcher 48451 | -2/Research | Spotted B-90 Cyclops 48473 | -2/Research | Destroyed B-90 Cyclops 48545 | -2/Research | Found Unknown Device 48545 | -2/Research | Identified Quantum Capacitor 48574 | -2/Research | First assault squad dispatched 48577 | -2/Research | Spotted B-90 Cyclops 48686 | -2/Research | Identified Transdimensional Reconstructor 48686 | -2/Research | Warped through subspace 48699 | -2/Research | Identified Core Regenerator 48699 | -2/Research | Used Core Regenerator, restored core integrity (+362) 48705 | -2/Research | Identified Exp. System Shield 48708 | -2/Research | Identified Exp. Hacking Suite 48737 | -2/Research | Lost 6 parts (3u3w) 48742 | -2/Research | Spotted B-90 Cyclops 48761 | -2/Research | Discovered new exit (range 5) 48765 | -2/Research | Entered Testing 48806 | -2/Testing | Found Exp. Core Analyzer 48862 | -2/Testing | Found Prototype Energy Cannon 48862 | -2/Testing | Identified Null Cannon 48890 | -2/Testing | Discovered new exit (range 8) 48891 | -2/Testing | Entered Access 48891 | -1/Access | Evolved 2 slots: Utility x2 48919 | -1/Access | Lost 3 parts (1n2u) 48976 | -1/Access | Spotted B-99 Colossus 49059 | -1/Access | Discovered new exit (range 7) 49060 | -1/Access | Entered Command 49079 | -1/Command | Spotted B-99 Colossus 49131 | -1/Command | Spotted M Guard 49131 | -1/Command | Spotted M Guard 49131 | -1/Command | Spotted Combat Programmer 49135 | -1/Command | Spotted Combat Programmer 49161 | -1/Command | System corruption reached 10% 49176 | -1/Command | Met MAIN.C 49177 | -1/Command | 0b10 Conduit disabled 49178 | -1/Command | Core integrity fell below 50% 49187 | -1/Command | Core integrity fell below 20% 49198 | -1/Command | Destroyed by S-43 Plague with Heavy Machine Gun Last Messages --------------- 49178_ EMDS Slug penetrates Reinforced Barrier. 49178_ System Shield destroyed. 49181_ Penetrated by EMDS Slug. 49182_ EMDS Slug penetrates S-43 Plague. 49182_ S-43 Plague destroyed. 49184_ Relay Coupler [NC] destroyed. 49185_ EMDS Slug penetrates MAIN.C. 49186_ Penetrated by EMDS Slug. 49188_ Relay Coupler [Proto] destroyed. 49188_ Penetrated by EMDS Slug. 49192_ System corrupted: Substantial component data lost. 49196_ Slammed into S-43 Plague. 49196_ Exp. Optical Array broken. 49196_ Destabilizing: Short circuit. 49197_ Penetrated by EMDS Slug. 49197_ Slammed into S-43 Plague. 49197_ Exp. Core Analyzer broken. 49197_ Destabilizing: Short circuit. 49198_ Penetrated by EMDS Slug. 49198_ Slammed into Combat Programmer. Map ----- +----------------------------------------------------+ | ?????????????????????????????????????????????????? | | ?????????????????????????????????????????????????? | | ?????????????????????????????????????????????????? | | ?????????????????????????????????????????????????? | | ?????????????????????????????????????????????????? | | ?????????????????????????????????????????????????? | | ?????????????????????????????????????????????????? | | ?????????????????????????????????????????????????? | | ?????????????????????????????????????????????????? | | ??????????????????####################???????????? | | ?????????????????"""""" """" #???????????? | | ?????????????????" "" #???????????? | | ???????????????#""""" ############# | | ???????????????#""""""""""" / | | ???????????????#" " """ / [% | | ???????????????#"" """"" / | | ???????????????#"" """""" MMM ############# | | ???????????????# " """""" MMM #???????????? | | ???????????????# " "" MMM #???????????? | | ???????????????# " " ""#???????????? | | ???????????????#""""""""" """""""#???????????? | | ???????????????#"" """"""""#???????????? | | ???????????????# """""""""#???????????? | | ???????????????# " " " #???????????? | | ???????????????# s " " " #???????????? | | ???????????????" s@" " """" " #???????????? | | ???????????????" ""p" " """" #???????????? | | ???????????????" "p s" " " #???????????? | | ???????????????# """"" """" " #???????????? | | ???????????????# " """ " """"""""#???????????? | | ???????????????# """ " " " ????????????? | | ???????????????######################????????????? | | ?????????????????????????????????????????????????? | | ?????????????????????????????????????????????????? | | ?????????????????????????????????????????????????? | | ?????????????????????????????????????????????????? | | ?????????????????????????????????????????????????? | | ?????????????????????????????????????????????????? | | ?????????????????????????????????????????????????? | | ?????????????????????????????????????????????????? | | ?????????????????????????????????????????????????? | | ?????????????????????????????????????????????????? | | ?????????????????????????????????????????????????? | | ?????????????????????????????????????????????????? | | ?????????????????????????????????????????????????? | | ?????????????????????????????????????????????????? | | ?????????????????????????????????????????????????? | | ?????????????????????????????????????????????????? | | ?????????????????????????????????????????????????? | | ?????????????????????????????????????????????????? | +----------------------------------------------------+ Best States ------------- Heat Dissipation 96 Coolant Potential 100 Energy Generation 61 Energy Capacity 862 Matter Stores 300 Matter Capacity 300 Sight Range 23 Robot Scan Range 18 Terrain Scan Range 24 Terrain Scan Density 210 Jamming Range 14 EM Shielding 3 Armor Coverage 450 Resistance: TH 10 Core Shielding 20 Phase Shifting 10 Evasion (%) 74 Targeting Accuracy 8 Target Analysis 5 Core Analysis 8 Recoil Reduction 7 Energy Filtering 30 Particle Charging 25 Kinecelleration 40 Offensive Hacking 16 Defensive Hacking 48 Relay Coupler Types 2 Relay Coupler Value 57 Authchip Count 1 Item Schematics ----------------- Huge Storage Unit | -10/Materials | Hacked Med. Storage Unit | -10/Materials | Hacked Nuclear Pulse Array | -7/Recycling | Hacked Adv. Hacking Suite | -7/Recycling | Hacked Imp. Gyrokinetic Inverter | -5/Extension | Hacked Robot Schematics ------------------ None Fabricated ------------ Nothing Alien Tech Used ----------------- Integrated Mediator Transdimensional Reconstructor Core Regenerator Achievements -------------- None Challenges ------------ None Game ------ Seed WardroneScanShockpuncher Manual? 0 Play Time 06:25:17 Cumulative 517.4 hours Start 2023.04.02 @ 17:03:54 End 2023.04.03 @ 00:13:40 Sessions 2 Manual Loads 0 Difficulty Rogue Special Mode None Game No. 368 Rogue 368 Adventurer 0 Explorer 0 Win Type - Total 15 Types 8/3/1/0/0/1/2/0/0 Lore% 80 Gallery% 91 Achievement% 78 Wizard Run 0 Options --------- ASCII 0 Keyboard 0 Movement Numpad Keybinds 0 Fullscreen 2 Font 24/Terminus Map View 76x50 Tactical HUD 1 Map Filters NONE Filters NONE Steam 1 RUN: 36b75021-d8a7-418a-9210-eb5b14e7d84d